 Dungeon Crawl Stone Soup version 0.26.0-45-g9c1d065592 (webtiles) character file.

Game seed: 12393377023195806433

8169 pokeman the Thaumaturge (level 11, -16/60 HPs)
             Began as a Deep Elf Hedge Wizard on Jan 30, 2021.
             Was a Believer of Vehumet.
             Hit by a large rock thrown by a cyclops (37 damage)
             ... on level 8 of the Dungeon.
             The game lasted 00:31:21 (13005 turns).

pokeman the Thaumaturge (Deep Elf Hedge Wizard)    Turns: 13005, Time: 00:31:22

Health: -16/60     AC:  9    Str: 10    XL:     11   Next: 6%
Magic:  14/31      EV: 13    Int: 23    God:    Vehumet [**....]
Gold:   581        SH:  0    Dex: 14    Spells: 25/38 levels left

rFire    + . .     SeeInvis .   g - +0 whip (venom)
rCold    . . .     Faith    .   (no shield)
rNeg     . . .     Spirit   .   E - +2 leather armour of Zin's Supremacy {rF+ Str+3}
rPois    +         Reflect  .   A - +2 hat
rElec    .         Harm     .   (no cloak)
rCorr    .         Rampage  .   H - +0 pair of gloves
Will     +....                  n - +0 pair of boots (curse)
Stlth    ++........             (no amulet)
HPRegen  0.20/turn              d - ring of poison resistance
MPRegen  0.22/turn              o - ring of wizardry

@: no status effects
A: no striking features
a: Renounce Religion


You were on level 8 of the Dungeon.
You worshipped Vehumet.
Vehumet was pleased with you.
You visited 2 branches of the dungeon, and saw 9 of its levels.
You also visited: Sewer.

You collected 581 gold pieces.

Inventory:

Hand Weapons
 g - a +0 whip of venom (weapon)
 L - a +0 shortbow
Missiles
 s - 108 arrows
Armour
 j - a +0 buckler
 n - a cursed +0 pair of boots (worn)
 q - a +0 leather armour of cold resistance
 A - a +2 hat (worn)
 E - the +2 leather armour of Zin's Supremacy (worn) {rF+ Str+3}
   (You found it on level 4 of the Dungeon)

   It affects your strength (+3).
   It protects you from fire.
 H - a +0 pair of gloves (worn)
 M - +0 acid dragon scales
Jewellery
 c - a +4 ring of slaying
 d - a ring of poison resistance (left hand)
 o - a ring of wizardry (right hand)
 K - an uncursed ring of ice
 N - a +6 ring of strength
Wands
 b - a wand of flame (36)
 y - a wand of iceblast (6)
 C - a wand of paralysis (28)
 F - a wand of random effects (7)
 O - a wand of acid (7)
 R - a wand of enslavement (7)
Scrolls
 a - a scroll of random uselessness {unknown}
 e - 5 scrolls of magic mapping {unknown}
 f - 6 scrolls of remove curse {unknown}
 h - 2 scrolls of fear {unknown}
 k - 13 scrolls of teleportation {unknown}
 m - 11 scrolls of identify {unknown}
 t - 2 scrolls of blinking {unknown}
 w - 3 scrolls of fog {unknown}
 B - 2 scrolls of enchant armour {unknown}
 D - 2 scrolls of amnesia {unknown}
 I - a scroll of immolation {unknown}
 P - 2 scrolls of enchant weapon {unknown}
Potions
 i - 4 potions of heal wounds {unknown}
 l - 7 potions of curing {unknown}
 p - 2 potions of ambrosia {unknown}
 r - a potion of cancellation {unknown}
 u - 3 potions of might
 v - a potion of magic {unknown}
 x - 2 potions of haste {unknown}
 z - a potion of brilliance {unknown}
 G - a potion of berserk rage {unknown}
 J - a potion of invisibility
 Q - a potion of attraction {unknown}
 S - a potion of flight {unknown}
Miscellaneous
 T - a tin of tremorstones (2/2)


   Skills:
 - Level 3.0 Fighting
 - Level 4.0 Armour
 - Level 3.0 Dodging
 - Level 3.2 Stealth
 + Level 2.8 Shields
 * Level 14.1 Spellcasting
 + Level 8.4 Conjurations
 - Level 1.1 Summonings
 - Level 1.1 Translocations
 + Level 7.8 Fire Magic
 - Level 1.0 Air Magic
 - Level 1.0 Poison Magic
 - Level 1.2 Evocations


You had 25 spell levels left.
You knew the following spells:

 Your Spells              Type           Power        Failure   Level
a - Magic Dart            Conj           100%         1%          1
b - Mephitic Cloud        Conj/Pois/Air  32%          1%          3
c - Call Imp              Summ           21%          1%          2
d - Blink                 Tloc           N/A          1%          2
e - Conjure Flame         Conj/Fire      52%          1%          3
f - Foxfire               Conj/Fire      100%         1%          1
g - Apportation           Tloc           42%          1%          1

Your spell library contained the following spells:

 Spells                   Type           Power        Failure   Level
 Shock                    Conj/Air       100%         1%          1
 Animate Skeleton         Necr           32%          1%          1
 Corona                   Hex            17%          1%          1
 Pain                     Necr           64%          1%          1
 Summon Small Mammal      Summ           84%          1%          1
 Searing Ray              Conj           100%         1%          2
 Dazzling Flash           Conj/Hex       70%          1%          3
 Iskenderun's Mystic Bla  Conj/Tloc      38%          2%          4
 Slow                     Hex            16%          3%          2
 Fulminant Prism          Conj/Hex       17%          3%          4
 Call Canine Familiar     Summ           21%          4%          3
 Gell's Gravitas          Tloc           10%          4%          3
 Summon Guardian Golem    Hex/Summ       18%          4%          3
 Confusing Touch          Hex            16%          6%          3
 Vampiric Draining        Necr           8%           6%          3
 Summon Lightning Spire   Summ/Air       21%          12%         4
 Airstrike                Air            10%          13%         4
 Summon Ice Beast         Ice/Summ       18%          16%         4
 Animate Dead             Necr           8%           19%         4
 Dispel Undead            Necr           16%          19%         4
 Ice Form                 Ice/Tmut       16%          19%         4
 Petrify                  Tmut/Erth      16%          19%         4
 Agony                    Necr           16%          45%         5
 Metabolic Englaciation   Hex/Ice        8%           45%         5
 Yara's Violent Unravell  Hex/Tmut       8%           45%         5


Dungeon Overview and Level Annotations

Branches:
Dungeon (8/15)             Temple (1/1) D:7           Sewer (visited)
   Lair: D:8-11

Altars:
Kikubaaqudgha
Nemelex Xobeh
Qazlal
Vehumet
Yredelemnul

Shops:
D:6 (

Annotations:
D:8 2 runed translucent doors


Message History

The seven-headed hydra is moderately wounded.
The bolt of acid hits the phantom!
The phantom is splashed with acid.
The acid corrodes the phantom!
The phantom is heavily damaged.
The seven-headed hydra is engulfed in blazing flames.
Unknown command.
Casting: Conjure Flame (safe; 1% risk of failure)
Confirm with . or Enter, or press ? or * to list all spells.
A metallic apparition takes form in the air.
The seven-headed hydra is engulfed in blazing flames.
The seven-headed hydra bites you. x2; The seven-headed hydra bites you! x3
The seven-headed hydra bites you but does no damage.
The seven-headed hydra bites you.
The phantom blinks!
Casting: Call Imp (safe; 1% risk of failure)
Confirm with . or Enter, or press ? or * to list all spells.
You blink.
The seven-headed hydra is engulfed in blazing flames.
The cyclops throws a large rock.
The large rock hits you!!!
Ouch! That really hurt!
You die...

##....##....# #8....8#.#
#....#..#######8..8##.#
#....#.##.#.'.##++##..#
#....#.#.#..#...W....##
####.#.####.#..C..).##
#...)##....##....###########
##....######.....#..#..#...##
#..#.§§D§§..#...#..#..#..##.
##..###'##..@#.W.###(##†###..
#....'..5#...#...#..#.†#.#...
##...#...#...#...#..#..###...
######..##..######...###.####....
#...##..######...#...#..#(.##....
#...##..##...#...#...#.)#..##....
#.......#....#...#...###.###.....
#.......'....#...#...#..#.##.....
#.......#....#...#...#..###......


You could see a seven-headed hydra (corroded), a cyclops and a phantom
(corroded).

Vanquished Creatures
  A boulder beetle (D:8)
  2 two-headed ogres
  A manticore (D:8)
  Joseph (D:8)
  Maggie (D:6)
  Grinder (D:5)
  2 hornets (D:8)
  A wyvern (D:8)
  Grum (D:8)
  Duvessa (D:5)
  2 sky beasts
  2 ice beasts (D:7)
  3 orc warriors
  A phantom (D:8)
  4 wolves (D:8)
  7 ogres
  A necrophage (D:8)
  3 centaurs
  A wyvern zombie (D:8)
  5 bullfrogs
  Dowan (D:5)
  2 scorpions
  2 jellies (D:8)
  6 killer bees (D:8)
  4 wights (D:7)
  2 centaur zombies
  7 orc priests
  10 hounds
  Jessica (D:2)
  3 bullfrog skeletons
  3 iguanas
  8 orc wizards
  3 worker ants
  A hound skeleton (D:6)
  A howler monkey zombie (D:6)
  2 worker ant zombies
  8 gnolls (D:8)
  A howler monkey skeleton (D:6)
  12 adders
  4 river rats
  4 shadow imps
  5 white imps
  3 ufetubi
  7 oozes
  2 adder skeletons (D:7)
  A worm (D:2)
  4 dart slugs
  6 leopard geckos
  18 orcs
  5 bats
  6 giant cockroaches
  5 goblins
  4 hobgoblins
  7 jackals
  2 quokkas
  14 ball pythons
  8 frilled lizards
  9 kobolds
  A leopard gecko zombie (D:5)
  A quokka skeleton (D:6)
  A quokka zombie (D:8)
  38 rats
  2 foxfires (D:8)
275 creatures vanquished.

Vanquished Creatures (collateral kills)
  A bullfrog (D:8)
  A killer bee (D:8)
2 creatures vanquished.

Vanquished Creatures (others)
  130 foxfires (D:8)
130 creatures vanquished.

Grand Total: 407 creatures vanquished

Notes
Turn   | Place    | Note
-------+----------+-------------------------------------------
     0 | D:1      | pokeman the Deep Elf Hedge Wizard began the quest for the
                  | Orb.
     0 | D:1      | Reached XP level 1. HP: 10/10 MP: 7/7
   637 | D:1      | Reached XP level 2. HP: 16/16 MP: 5/9
  1354 | D:2      | Reached skill level 5 in Spellcasting
  1518 | D:2      | Reached XP level 3. HP: 20/20 MP: 3/11
  1522 | D:2      | Learned a level 3 spell: Mephitic Cloud
  1525 | D:2      | Learned a level 2 spell: Call Imp
  1528 | D:2      | Learned a level 2 spell: Blink
  1532 | D:2      | Learned a level 3 spell: Conjure Flame
  1731 | D:2      | Noticed Jessica
  1735 | D:2      | Killed Jessica
  1736 | D:2      | Reached skill level 1 in Fighting
  1736 | D:2      | Reached skill level 1 in Armour
  2202 | D:2      | Reached XP level 4. HP: 25/25 MP: 9/13
  3134 | D:3      | Found a glowing drain.
  3198 | Sewer    | Entered a sewer
  3425 | Sewer    | Reached skill level 6 in Spellcasting
  3425 | Sewer    | Reached XP level 5. HP: 20/29 MP: 3/15
  3760 | Sewer    | Reached skill level 1 in Shields
  4026 | Sewer    | Reached skill level 1 in Fire Magic
  4040 | Sewer    | Reached XP level 6. HP: 2/34 MP: 5/17
  4624 | D:3      | Reached skill level 7 in Spellcasting
  5146 | D:4      | Reached skill level 1 in Poison Magic
  5150 | D:4      | Learned a level 1 spell: Apportation
  5866 | D:4      | Got a bloodstained leather armour
  5923 | D:4      | Identified the +2 leather armour of Zin's Supremacy {rF+
                  | Str+3} (You found it on level 4 of the Dungeon)
  5973 | D:5      | Entered Level 5 of the Dungeon
  6045 | D:5      | Reached skill level 1 in Air Magic
  6315 | D:5      | Reached XP level 7. HP: 37/38 MP: 11/20
  6330 | D:5      | Reached skill level 1 in Evocations
  6489 | D:5      | Reached skill level 8 in Spellcasting
  6618 | D:5      | Noticed Dowan
  6619 | D:5      | Noticed Duvessa
  6635 | D:5      | Killed Dowan
  6641 | D:5      | Killed Duvessa
  6717 | D:5      | Noticed a two-headed ogre
  6753 | D:5      | Killed a two-headed ogre
  6754 | D:5      | Reached skill level 9 in Spellcasting
  6754 | D:5      | Reached skill level 5 in Conjurations
  6754 | D:5      | Reached XP level 8. HP: 45/45 MP: 2/23
  7029 | D:5      | Found an ancient bone altar of Kikubaaqudgha.
  7046 | D:5      | Noticed Grinder
  7062 | D:5      | Killed Grinder
  7063 | D:5      | Reached skill level 10 in Spellcasting
  7230 | D:5      | Found a sparkling altar of Nemelex Xobeh.
  7502 | D:6      | Found a stormy altar of Qazlal.
  7503 | D:6      | Noticed Maggie
  7543 | D:6      | Killed Maggie
  7544 | D:6      | Reached XP level 9. HP: 42/50 MP: 4/25
  7788 | D:6      | Reached skill level 5 in Fire Magic
  7848 | D:6      | Reached skill level 11 in Spellcasting
  7977 | D:6      | Found Astriz's Antique Weapon Shop.
  9787 | D:7      | Reached skill level 12 in Spellcasting
  9941 | D:7      | Found a staircase to the Ecumenical Temple.
 10019 | Temple   | Entered the Ecumenical Temple
 10034 | Temple   | Became a worshipper of Vehumet
 10222 | D:8      | Noticed Grum
 10257 | D:8      | Killed Grum
 10279 | D:8      | Reached XP level 10. HP: 4/56 MP: 2/28
 10636 | D:8      | Found a large runed translucent door.
 10636 | D:8      | Found a large runed translucent door.
 10640 | D:8      | Noticed a cyclops
 10641 | D:8      | Noticed a seven-headed hydra
 10647 | D:8      | Found a large runed translucent door.
 10647 | D:8      | Found a large runed translucent door.
 10964 | D:8      | Reached * piety under Vehumet
 10964 | D:8      | Offered knowledge of Foxfire by Vehumet.
 10982 | D:8      | Learned a level 1 spell: Foxfire
 11422 | D:8      | Reached skill level 13 in Spellcasting
 11838 | D:8      | Offered knowledge of Shock by Vehumet.
 11849 | D:8      | Noticed Joseph
 11860 | D:8      | Killed Joseph
 12008 | D:8      | Noticed a two-headed ogre
 12020 | D:8      | Killed a two-headed ogre
 12423 | D:8      | Noticed a boulder beetle
 12502 | D:8      | Killed a boulder beetle
 12502 | D:8      | Reached ** piety under Vehumet
 12503 | D:8      | Reached skill level 14 in Spellcasting
 12700 | D:8      | Reached XP level 11. HP: 37/60 MP: 29/31
 12955 | D:8      | Identified An Early Guide to Magic
 13005 | D:8      | Hit by a large rock thrown by a cyclops

Illustrated notes

Levels and vault maps discovered:
D:1:      dpeg_arrival_lava_temple_mockup, layout_loops_ring
D:2:      layout_loops_corners, uniq_jessica
D:3:      layout_basic, portal_sewer_entry_e
D:4:      layout_loops_corners
D:5:      layout_loops_cross, kiku_gazebo_pond_becter, basic_altar,
          amcnicky_mini_pool_medium, uniq_grinder, uniq_duvessa
D:6:      layout_basic, serial_shops, nicolae_shop_trees, amcnicky_altar_gilded,
          uniq_maggie
D:7:      layout_loops_ring, minmay_temple_entry_nine_rooms
D:8:      minmay_s_stair_smasher, layout_gridville, corexii_checkpoint_a,
          minmay_hollow_rounded_squares, uniq_joseph, uniq_grum
Temple:   roderic_octagonal_lattice_temple

Skill      XL: |  1  2  3  4  5  6  7  8  9 10 |
---------------+-------------------------------+-----
Spellcasting   | 5 6 7 9 10 12 14 | 14.1
Fighting       | 1 2 3 |  3.0
Armour         | 1 3 4 |  4.0
Conjurations   | 2 3 5 7 8 |  8.4
Dodging        | 3 |  3.0
Shields        | 1 2 |  2.8
Fire Magic     | 1 2 4 6 7 |  7.8
Stealth        | 3 |  3.2
Poison Magic   | 1 |  1.0
Air Magic      | 1 |  1.0
Evocations     | 1 |  1.2
Summonings     | |  1.1
Translocations | |  1.1

Action                   |  1- 3 |  4- 6 |  7- 9 | 10-12 || total
-------------------------+-------+-------+-------+-------++-------
Melee: Whip              |     3 |    28 |    83 |    88 ||   202
 Cast: Magic Dart        |    96 |   219 |   257 |    43 ||   615
       Mephitic Cloud    |       |     3 |    19 |    29 ||    51
       Conjure Flame     |       |     1 |    24 |    21 ||    46
       Call Imp          |       |       |     6 |    11 ||    17
       Foxfire           |       |       |       |    74 ||    74
       Blink             |       |       |       |     7 ||     7
       Apportation       |       |       |       |     1 ||     1
Evoke: Wand              |       |       |       |     4 ||     4
 Stab: Sleeping          |       |     3 |       |       ||     3
       Confused          |       |       |    11 |     8 ||    19
Armor: Robe              |     2 |     9 |       |       ||    11
       Leather armour    |       |     2 |    31 |    31 ||    64
Dodge: Dodged            |     9 |    65 |    78 |    96 ||   248
